 Dungeon Crawl Stone Soup version 0.25.1-1-g288607f (webtiles) character file.

Game seed: 3915259977398002116

463 bonscott the Sneak (level 6, -6/37 HPs)
             Began as a Vampire Assassin on Jan 1, 2021.
             Was a Follower of Uskayaw.
             Killed by a stone arrow (19 damage)
             ... invoked by the fury of Makhleb
             ... on level 4 of the Dungeon.
             The game lasted 00:14:17 (4864 turns).

bonscott the Sneak (Vampire Assassin)               Turns: 4864, Time: 00:14:17

Health: -6/37      AC:  5    Str: 12    XL:     6   Next: 79%
Magic:  6/6        EV: 14    Int: 14    God:    Uskayaw [*.....]
Gold:   267        SH:  0    Dex: 15    Spells: 5/5 levels left

rFire    . . .     SeeInvis +   a - +2 dagger (speed)
rCold    + + .     Gourm    .   (no shield)
rNeg     + + +     Faith    .   b - +0 robe
rPois    ∞         Spirit   .   (no helmet)
rElec    .         Reflect  .   c - +0 cloak
rCorr    .         Harm     .   D - +1 pair of gloves
MR       .....                  (no boots)
Stlth    +++++.....             (no amulet)
HPRegen  0.00/turn              (no ring)
MPRegen  0.10/turn              (no ring)

@: bloodless
A: no food, fangs 3, see invisible, unbreathing
a: Bat Form, Revivify, Stomp, Renounce Religion


You were on level 4 of the Dungeon.
You worshipped Uskayaw.
Uskayaw was noncommittal.
You were bloodless.

You visited 1 branch of the dungeon, and saw 5 of its levels.
You also visited: Sewer.

You collected 267 gold pieces.

Inventory:

Hand Weapons
 a - a +2 dagger of speed (weapon)
 s - a +2 dagger
 v - a +1 hunting sling of freezing
 x - a +1 hand axe of distortion
 A - a +0 vampiric whip
Missiles
 d - 29 poisoned darts (quivered)
 e - 2 curare-tipped darts
 n - 2 atropa-tipped darts
 q - 25 arrows
 r - 28 sling bullets
 t - 17 bolts
 F - 43 stones
Armour
 b - a +0 robe (worn)
 c - a +0 cloak (worn)
 D - a +1 pair of gloves (worn)
Jewellery
 m - an uncursed ring of poison resistance
 o - an uncursed ring of stealth {unknown}
Scrolls
 f - a scroll of amnesia {unknown}
 h - a scroll of teleportation {unknown}
 i - 3 scrolls of identify
 p - a scroll of enchant weapon {unknown}
 y - a scroll of magic mapping {unknown}
 z - a scroll of remove curse {unknown}
Potions
 g - a potion of lignification
 j - a potion of resistance {unknown}
 k - 2 potions of flight {unknown}
 l - a potion of brilliance {unknown}
 u - a potion of degeneration {unknown}
 w - a potion of invisibility {unknown}
 B - a potion of heal wounds {unknown}
 C - a potion of curing


   Skills:
 + Level 3.3 Fighting
 - Level 2.1 Short Blades
 + Level 3.0 Throwing
 + Level 2.3 Armour
 + Level 3.4 Dodging
 - Level 5.8 Stealth
 + Level 3.2 Unarmed Combat


You had 5 spell levels left.
You didn't know any spells.
Your spell library was empty.

Dungeon Overview and Level Annotations

Branches:
Dungeon (5/15)              Sewer (visited)
 Temple: D:4-7

Altars:
Fedhas
Makhleb
Uskayaw
Wu Jian


Innate Abilities, Weirdness & Mutations

You do not eat.
You do not regenerate when monsters are visible.
You are frail without blood (-20% HP).
You can heal yourself when you bite living creatures.
You are immune to poison.
You have razor-sharp teeth.
You have supernaturally acute eyesight. (SInv)
You can survive without breathing.


Message History

You are too injured to fight recklessly!
You are too injured to fight recklessly!
You are too injured to fight recklessly!
You are too injured to fight recklessly!
You are too injured to fight recklessly!
You are too injured to fight recklessly!
You are too injured to fight recklessly!
You are too injured to fight recklessly!
You are too injured to fight recklessly!
You are too injured to fight recklessly!
You are too injured to fight recklessly!
You are too injured to fight recklessly!
You are too injured to fight recklessly!
You are too injured to fight recklessly!
You are too injured to fight recklessly!
The orange demon stings you from afar.
Makhleb rains destruction down upon you!
The stone arrow hits you!!
Ouch! That really hurt!
You die...

### #.. ## ## #.# .#
#.. #.# .# #... #.#
.#######
##....##.##########.
........
.......@....>.......
.#######
##..!.##.###########
.# #... #4# .# #..
#.# .# #. #.#
.###### # #.#
......# #.# ....#.#
#.# .##.#.#
#######.#


You could see an orange demon and the fury of Makhleb (unaware).

Vanquished Creatures
  A phantom (D:4)
  A big kobold (Sewer)
  A centaur skeleton (D:4)
  2 orc wizards
  A worker ant (D:4)
  A hound skeleton (D:4)
  6 adders
  2 river rats (Sewer)
  An adder zombie (D:5)
  3 worms
  3 dart slugs
  7 leopard geckos
  6 orcs
  A ball python (D:3)
  2 giant cockroaches
  6 goblins
  5 hobgoblins
  10 jackals
  9 kobolds
  3 quokkas
  5 bats
  6 frilled lizards
  14 rats
96 creatures vanquished.

Notes
Turn   | Place    | Note
-------+----------+-------------------------------------------
     0 | D:1      | bonscott the Vampire Assassin began the quest for the Orb.
     0 | D:1      | Reached XP level 1. HP: 16/16 MP: 1/1
   173 | D:1      | Reached XP level 2. HP: 11/22 MP: 2/2
   573 | D:1      | Reached skill level 1 in Unarmed Combat
   902 | D:2      | Reached XP level 3. HP: 27/27 MP: 3/3
  1047 | D:2      | Found an ornate altar of the Wu Jian Council.
  1109 | D:2      | Found a burning altar of Makhleb.
  1111 | D:2      | Noticed an Executioner
  1116 | D:2      | Noticed a hellwing
  1116 | D:2      | Noticed a smoke demon
  1118 | D:2      | Became a worshipper of Makhleb the Destroyer
  1436 | D:2      | Reached skill level 1 in Armour
  1909 | D:3      | Reached XP level 4. HP: 33/33 MP: 4/4
  2064 | D:3      | Found a hide-covered altar of Uskayaw.
  2104 | D:3      | Fell from the grace of Makhleb
  2104 | D:3      | Became a worshipper of Uskayaw the Reveler
  2160 | D:3      | Reached * piety under Uskayaw
  2262 | D:3      | Found a blossoming altar of Fedhas.
  2471 | D:4      | Noticed a phantom
  2493 | D:4      | Reached ** piety under Uskayaw
  2504 | D:4      | Reached *** piety under Uskayaw
  2505 | D:4      | Killed a phantom
  2505 | D:4      | Reached XP level 5. HP: 20/40 MP: 5/5
  2663 | D:4      | Noticed an orange demon
  2911 | D:4      | Reached XP level 6. HP: 37/37 MP: 6/6
  2973 | D:4      | Found a glowing drain.
  2979 | Sewer    | Entered a sewer
  3631 | Sewer    | Found a glowing silver altar of Zin.
  3781 | D:5      | Entered Level 5 of the Dungeon
  4415 | D:4      | Noticed an orange demon
  4864 | D:4      | Killed by a stone arrow

Illustrated notes

Levels and vault maps discovered:
D:1:      kilobyte_arrival_exit_the_forest, layout_loops_ring,
          minmay_misc_feat_secret_circle, chequers_serial_rivers_room_b
D:2:      minmay_chambers_of_ones, layout_loops_corners, lemuel_round_altar,
          makhleb_altar_promises_db
D:3:      layout_loops_ring, marbit_many_paths, eat_drink_and_be_merry_uskayaw
D:4:      layout_basic, first_ration, gup_sewer_entry_spiral
D:5:      layout_rooms, led_sif_book, nemelex_xobeh_ov_fountains_minmay,
          kennysheep_mini_moat, palyth_stone_intersect,
          minmay_stone_trees_small, trog_book

Skill      XL: |  1  2  3  4  5  6 |
---------------+-------------------+-----
Fighting       | 2 3 |  3.3
Unarmed Combat | 1 2 3 |  3.2
Throwing       | 2 3 |  3.0
Armour         | 1 2 |  2.3
Dodging        | 2 3 |  3.4
Short Blades   | |  2.1
Stealth        | |  5.8

Action                   |  1- 3 |  4- 6 || total
-------------------------+-------+-------++-------
Melee: Dagger            |   109 |   297 ||   406
       Bite              |     5 |    20 ||    25
Throw: Stone             |     2 |    21 ||    23
       Dart              |       |     3 ||     3
Invok: Line Pass         |       |     2 ||     2
 Abil: Exsanguinate      |       |     1 ||     1
  Use: Scroll            |     1 |     1 ||     2
       Potion            |       |     2 ||     2
 Stab: Sleeping          |    19 |    12 ||    31
       Paralysed         |       |     2 ||     2
       Distracted        |       |     1 ||     1
Armor: Robe              |    19 |    20 ||    39
Dodge: Dodged            |    61 |   128 ||   189
